 Dungeon Sprint DCSS version 0.22-a0-259-gdd11e71 (webtiles) character file.

9 Ghella the Skirmisher (level 2, -13/22 HPs)
             Began as an Octopode Abyssal Knight on Mar 6, 2018.
             Was a Believer of Lugonu.
             Killed from afar by an oklob sapling (14 damage)
             ... with a splash of acid
             ... in the Dungeon (Sprint IV: "Fedhas' Mad Dash").
             The game lasted 00:00:17 (261 turns).

Ghella the Skirmisher (Octopode Abyssal Knight)      Turns: 261, Time: 00:00:19

Health: -13/22     AC:  1    Str: 11    XL:     2   Next: 16%
Magic:  3/3        EV: 14    Int: 14    God:    Lugonu [**....]
Gold:   11         SH:  0    Dex: 11    Spells: 1/1 levels left

rFire    . . .     SeeInvis .   a - +1 mace
rCold    . . .     Gourm    .   (no shield)
rNeg     . . .     Faith    .   (helmet restricted)
rPois    .         Spirit   .   (no amulet)
rElec    .         Reflect  .   (no ring)
rCorr    .         Harm     .   (no ring)
MR       .....     NoTele   +   (no ring)
Stlth    +++.......             (no ring)
HPRegen  0.07/turn              (no ring)
MPRegen  0.08/turn              (no ring)
                                (no ring)
                                (no ring)

@: no status effects
A: almost no armour, stealthy swim, amphibious, 8 rings, constrict 8, camouflage
1, gelatinous body 1
a: Bend Space, Renounce Religion


You were in the Dungeon.
You worshipped Lugonu.
Lugonu was pleased with you.
You were not hungry.

You visited 1 branch You collected 11 gold pieces.

Inventory:

Hand Weapons
 a - a +1 mace (weapon)
Scrolls
 h - a scroll of blinking
Potions
 c - a potion of curing
 d - a potion of heal wounds
 e - a potion of haste
 f - 2 potions of magic
 g - a potion of berserk rage
Comestibles
 b - a ration


   Skills:
 + Level 4.1 Fighting
 + Level 2.3 Maces & Flails
 + Level 2.9 Dodging
 * Level 2.3 Stealth
 + Level 2.3 Invocations


You had one spell level left.
You didn't know any spells.

Dungeon Overview and Level Annotations

Branches:
Dungeon (1/1)

Altars:

Annotations:
D exclusion: oklob sapling


Innate Abilities, Weirdness & Mutations

You cannot wear most types of armour.
You are very stealthy in the water. (Stealth+)
You are amphibious.
You can wear up to eight rings at the same time.
You can use your tentacles to constrict eight enemies at once.
Your skin changes colour to match your surroundings (Stealth+).
Your rubbery body absorbs attacks. (AC +1, EV +1)


Message History

Found 31 gold pieces.
There is an open door here.
Unknown command.
The helpless oklob sapling fails to defend itself.
You hit the oklob sapling but do no damage.
You grab the oklob sapling. You squeeze the oklob sapling.
The oklob sapling is lightly damaged.
You constrict the oklob sapling. The oklob sapling spits acid at you.
The splash of acid hits you!
You are splashed with acid!
The acid burns!
Ouch! That really hurt!
* * * LOW HITPOINT WARNING * * *
You hit the oklob sapling.
You squeeze the oklob sapling, but do no damage.
The oklob sapling is heavily damaged.
You constrict the oklob sapling. The oklob sapling spits acid at you.
The splash of acid hits you!
Ouch! That really hurt!
You die...

##################
#<รท.P#.....#.$$$$#
#PP..'.....@.#
#PPPP#.....#P#
##############


You could see an oklob sapling.

Vanquished Creatures
  A river rat (D)
  A rat (D)
2 creatures vanquished.

Notes
Turn   | Place    | Note
-------+----------+-------------------------------------------
     0 | D        | Ghella the Octopode Abyssal Knight began the quest for the Orb.
     0 | D        | Reached XP level 1. HP: 16/16 MP: 2/2
    15 | D        | Reached skill level 4 in Fighting
    15 | D        | Reached XP level 2. HP: 12/22 MP: 3/3
    17 | D        | Reached ** piety under Lugonu
   258 | D        | Noticed an oklob sapling
   260 | D        | HP: 1/22 [acid (12)]
   261 | D        | Killed from afar by an oklob sapling

Vault maps used:
D:        dungeon_sprint_fedhas

Skill      XL: |  1 |
---------------+----+-----
Fighting       | 4 |  4.1
Stealth        | 2 |  2.3
Maces & Flails | |  2.3
Dodging        | |  2.9
Invocations    | |  2.3

Action                   || total
-------------------------++-------
Melee: Mace              ||     8
       Constrict         ||     3
       Tentacles         ||     2
 Stab: Sleeping          ||     1
Dodge: Dodged            ||     5

Table legend:
 A = Spawn XP
 B = Non-spawn XP
 C = Spawn XP percentage of total XP
 D = Spawn monster count
 E = Non-spawn monster count
 F = Spawn count percentage of total count
 G = Total turns spent on level
                    A         B        C        D         E        F      G
               +---------+---------+-------+---------+---------+-------+---------
         Total |       0 |      14 |   0.0 |       0 |       2 |   0.0 |   261
               +---------+---------+-------+---------+---------+-------+---------
             D |       0 |      14 |   0.0 |       0 |       2 |   0.0 |   261
               +---------+---------+-------+---------+---------+-------+---------
